 Dungeon Crawl Stone Soup version 0.29.1-4-g47bece8355 (webtiles) character file.

Game seed: 11390373533470576037

65 javelincjr the Magician (level 4, -4/31 HPs)
             Began as a Djinni Conjurer on Dec 9, 2022.
             Slain by a river rat (8 damage)
             ... in a sewer.
             The game lasted 00:08:56 (2137 turns).

javelincjr the Magician (Djinni Conjurer)           Turns: 2137, Time: 00:08:58

Health: -4/31      AC:  2    Str:  6    XL:     4   Next: 35%
Gold:   100        EV: 11    Int: 22    God:
                   SH:  3    Dex: 11

rFire   + + .      SeeInvis .   p - +2 dagger (protect)
rCold   x . .      Faith    .   f - +0 buckler
rNeg    . . .      Spirit   .   a - +0 robe
rPois   ∞          Reflect  .   (no helmet)
rElec   .          Harm     .   (no cloak)
rCorr   .          Rampage  .   (no gloves)
Will    .....                   (boots unavailable)
Stlth   ++........              (no amulet)
HPRegen 0.10/turn               (no ring)
MPRegen 0.00/turn               (no ring)

@: flying
A: sickness immunity, fire resistance 2, cold vulnerability 1, float, innate
caster, HP casting, extra vitality 1
a: no special abilities


You were in a sewer.
You visited 1 branch of the dungeon, and saw 3 of its levels.
You also visited: Sewer.

You collected 100 gold pieces.

Inventory:

Hand Weapons
 e - a +0 dagger
 p - a +2 dagger of protection (weapon)
Missiles
 d - 22 stones
 k - 5 poisoned darts
Armour
 a - a +0 robe (worn)
 f - a +0 buckler (worn)
Wands
 o - a wand of digging (5)
Scrolls
 b - a scroll of torment {unknown}
 c - a scroll of poison {unknown}
 h - a scroll of butterflies {unknown}
 i - a scroll of immolation {unknown}
 l - a scroll of identify {unknown}
 m - a scroll of teleportation {unknown}
 n - a scroll of fear {unknown}
Potions
 g - a potion of might {unknown}
 j - a potion of attraction {unknown}
 q - a potion of mutation {unknown}


   Skills:
 + Level 0.2 Short Blades
 + Level 2.3 Dodging
 + Level 1.8 Stealth
 + Level 4.3 Spellcasting


You couldn't memorise any spells.
You knew the following spells:

 Your Spells              Type           Power      Damage    Failure   Level
a - Magic Dart            Conj           92%        1d7       2%          1
b - Searing Ray           Conj           46%        2d6       3%          2
c - Dazzling Flash        Conj/Hex       46%        N/A       8%          3
d - Fulminant Prism       Conj/Hex       11%        3d9       26%         4
e - Iskenderun's Mystic   Conj/Tloc      23%        2d6       26%         4
f - Foxfire               Conj/Fire      92%        2x1d8     2%          1
Your spell library was empty.

Dungeon Overview and Level Annotations

Branches:
Dungeon (3/15)              Sewer (1/1)

Altars:


Innate Abilities, Weirdness & Mutations

You are immune to sickness and miasma.
You are immune to poison.
Your flesh is very heat resistant. (rF++)
You are vulnerable to cold. (rC-)
You float through the air rather than walking.
You learn spells naturally, not from books.
Your magical power is your life essence.
You have superior vitality. (+4 MHP)


Message History

The river rat bites you.
Casting: Magic Dart (safe; 2% risk of failure)
Confirm with . or Enter, or press ? or * to list all spells.
Aiming: Magic Dart (safe; 2% risk of failure)
Press: ? - help, Shift-Dir - straight line, f/p - river rat
Aim: a river rat (almost dead, 100% to hit)
The magic dart hits the river rat but does no damage.
The river rat is almost dead.
* * * LOW HITPOINT WARNING * * *
The river rat bites you.
* * * LOW HITPOINT WARNING * * *
Casting: Magic Dart (safe; 2% risk of failure)
Confirm with . or Enter, or press ? or * to list all spells.
Aiming: Magic Dart (safe; 2% risk of failure)
Press: ? - help, Shift-Dir - straight line, f/p - river rat
Aim: a river rat (almost dead, 100% to hit)
The magic dart hits the river rat but does no damage.
The river rat is almost dead.
* * * LOW HITPOINT WARNING * * *
The river rat bites you but does no damage.
Casting: Magic Dart (safe; 2% risk of failure)
Confirm with . or Enter, or press ? or * to list all spells.
Aiming: Magic Dart (safe; 2% risk of failure)
Press: ? - help, Shift-Dir - straight line, f/p - river rat
Aim: a river rat (almost dead, 100% to hit)
The magic dart hits the river rat but does no damage.
The river rat is almost dead.
* * * LOW HITPOINT WARNING * * *
The river rat bites you.
* * * LOW HITPOINT WARNING * * *
Casting: Magic Dart (safe; 2% risk of failure)
Confirm with . or Enter, or press ? or * to list all spells.
Aiming: Magic Dart (safe; 2% risk of failure)
Press: ? - help, Shift-Dir - straight line, f/p - river rat
Aim: a river rat (almost dead, 100% to hit)
The magic dart hits the river rat but does no damage.
The river rat is almost dead.
* * * LOW HITPOINT WARNING * * *
The river rat bites you!
You die...

#~#~~. #~#~~~
~~~...##
.~~..~.#
#~...~##
.~...~#
######...#
~~~~~~...#
#######.r@#
###.........#
##.....∩∩...##
#..#~#....≈≈#
#..#~#.≈≈≈≈≈#
#≈≈#~#≈≈≈≈≈##
#≈≈#~#≈≈≈≈≈#
#≈≈#~#≈≈#≈##
#######≈###


You could see a river rat.

Vanquished Creatures
  An adder (D:2)
  4 bats
  2 endoplasms (D:1)
  A giant cockroach (D:1)
  2 goblins
  8 hobgoblins
  6 jackals
  7 kobolds
  4 quokkas
  8 ball pythons
  4 frilled lizards (D:1)
  2 rats
49 creatures vanquished.

Vanquished Creatures (others)
  8 plants (Sewer)
8 creatures vanquished.

Grand Total: 57 creatures vanquished

Notes
Turn   | Place    | Note
-------+----------+-------------------------------------------
     0 | D:1      | javelincjr the Djinni Conjurer began the quest for the Orb.
     0 | D:1      | javelincjr set off with the following spells memorised:
                  | Magic Dart, Searing Ray, Dazzling Flash, Fulminant Prism,
                  | Iskenderun's Mystic Blast.
     0 | D:1      | Reached XP level 1. HP: 15/15 MP: 0/0
    28 | D:1      | Reached XP level 2. HP: 6/21 MP: 0/0
   408 | D:1      | Reached XP level 3. HP: 5/25 MP: 0/0
   408 | D:1      | Learned a level 1 spell: Foxfire
  1076 | D:2      | Reached skill level 4 in Spellcasting
  1511 | D:2      | Reached XP level 4. HP: 27/31 MP: 0/0
  1844 | D:3      | Found a glowing drain.
  1985 | Sewer    | Entered a sewer
  2137 | Sewer    | Slain by a river rat

Illustrated notes

Levels and vault maps discovered:
D:1:      mrwooster_arrival_arrow, layout_rooms,
          hellmonk_ecumenical_altar_heavens_door
D:2:      layout_rooms, basic_altar
D:3:      layout_basic, marbit_many_paths, portal_sewer_entry_a
Sewer:    sewer_co_scattered_pipes

Skill      XL: |  1  2  3 |
---------------+----------+-----
Spellcasting   | 4 |  4.3
Short Blades   | |  0.2
Dodging        | |  2.3
Stealth        | |  1.8

Action                   |  1- 3 |  4- 6 || total
-------------------------+-------+-------++-------
Melee: Unarmed           |     1 |       ||     1
       Dagger            |    41 |    47 ||    88
 Cast: Magic Dart        |    56 |    22 ||    78
       Searing Ray       |       |     2 ||     2
 Stab: Sleeping          |     1 |       ||     1
Armor: Robe              |     5 |    12 ||    17
Dodge: Dodged            |    31 |    19 ||    50
Block: Buckler           |     6 |     4 ||    10
